[ AOE2 MATCH · #458826888 ]
UnrankedPersians vs Japanese
[ REPLAY ANALYSIS · EXTRACTED FROM THE RECORDED GAME ]
Feudal
13:36
Castle
22:08
Imperial
36:41
| APM avg | 20.4 |
| APM peak | 43 |
| eAPM avg | 11.6 |
| Villagers / military | 68 / 63 |
Focus
⚔️ 24.6% · 🌾 75.4%
Knight ×40 · Fishing Ship ×33 · Fire Galley ×14 · Demolition Raft ×6 · Galley ×2 · Mangonel ×1
Feudal
15:33
Castle
21:56
Imperial
—
| APM avg | 18.8 |
| APM peak | 33 |
| eAPM avg | 8.6 |
| Villagers / military | 78 / 61 |
Focus
⚔️ 26.2% · 🌾 73.8%
Archer ×41 · Fishing Ship ×16 · Fire Galley ×5 · Militia ×4 · Shrivamsha Rider ×4 · Armored Elephant ×3
Feudal
14:53
Castle
32:46
Imperial
—
| APM avg | 14.1 |
| APM peak | 31 |
| eAPM avg | 9.1 |
| Villagers / military | 43 / 16 |
Focus
⚔️ 24.0% · 🌾 76.0%
Fire Galley ×10 · Unknown (2626) ×7 · Fishing Ship ×6 · Scout Cavalry ×6
Feudal
16:24
Castle
19:56
Imperial
—
| APM avg | 29.6 |
| APM peak | 75 |
| eAPM avg | 19.1 |
| Villagers / military | 133 / 16 |
Focus
⚔️ 11.8% · 🌾 88.2%
Leitis ×16 · Fishing Ship ×8 · Unknown (2626) ×3
Feudal
13:06
Castle
17:59
Imperial
—
| APM avg | 16.8 |
| APM peak | 51 |
| eAPM avg | 10.0 |
| Villagers / military | 46 / 16 |
Focus
⚔️ 32.8% · 🌾 67.2%
Eagle Scout ×14 · Fishing Ship ×5 · Monk ×1 · Fire Galley ×1
Feudal
—
Castle
—
Imperial
—
| APM avg | 19.5 |
| APM peak | 44 |
| eAPM avg | 9.5 |
| Villagers / military | 58 / 26 |
Focus
⚔️ 15.6% · 🌾 84.4%
Scout Cavalry ×26
Feudal
—
Castle
—
Imperial
—
| APM avg | 23.5 |
| APM peak | 53 |
| eAPM avg | 16.9 |
| Villagers / military | 60 / 71 |
Focus
⚔️ 27.9% · 🌾 72.1%
Fire Galley ×26 · Fishing Ship ×25 · Galley ×22 · Unknown (2626) ×22 · Urumi Swordsman ×13 · Armored Elephant ×7
Feudal
15:43
Castle
21:02
Imperial
27:23
| APM avg | 14.1 |
| APM peak | 45 |
| eAPM avg | 11.5 |
| Villagers / military | 63 / 42 |
Focus
⚔️ 25.9% · 🌾 74.1%
Spearman ×30 · Fishing Ship ×15 · Demolition Raft ×9 · Trebuchet (Packed) ×3 · Unknown (2626) ×1
Match map
Initial resources + every placement click. Lines = walls · curves = elevation contours. ◆ gold · ⬟ stone · ● berries · ✦ relic · ◌ wall gap
Inputs per minute
— jello - - zabreyski
Build order — jello
First 150 of 224 actions detected
| 0:55 | Build | Town Center |
| 1:49 | Build | Dock |
| 1:56 | Build | House |
| 3:02 | Create | Villager (Male) |
| 3:02 | Create | Villager (Male) |
| 3:03 | Create | Villager (Male) |
| 3:03 | Create | Villager (Male) |
| 3:03 | Create | Villager (Male) |
| 3:21 | Research | Loom |
| 3:29 | Create | Fishing Ship |
| 4:23 | Create | Fishing Ship |
| 4:37 | Create | Villager (Male) |
| 5:03 | Create | Fishing Ship |
| 5:13 | Build | House |
| 5:25 | Create | Fishing Ship |
| 5:38 | Create | Villager (Male) |
| 5:45 | Build | House |
| 6:07 | Create | Fishing Ship |
| 6:15 | Create | Villager (Male) |
| 6:38 | Create | Fishing Ship |
| 6:38 | Create | Fishing Ship |
| 6:54 | Create | Villager (Male) |
| 6:57 | Create | Fishing Ship |
| 6:57 | Create | Fishing Ship |
| 7:26 | Create | Villager (Male) |
| 7:34 | Create | Villager (Male) |
| 7:34 | Create | Villager (Male) |
| 7:42 | Build | House |
| 7:48 | Create | Villager (Male) |
| 8:16 | Build | Lumber Camp |
| 8:21 | Create | Villager (Male) |
| 8:21 | Create | Villager (Male) |
| 8:21 | Create | Villager (Male) |
| 8:23 | Create | Fishing Ship |
| 8:23 | Create | Fishing Ship |
| 8:40 | Build | House |
| 9:06 | Create | Fishing Ship |
| 9:33 | Create | Villager (Male) |
| 9:33 | Create | Villager (Male) |
| 9:34 | Create | Villager (Male) |
| 9:34 | Create | Villager (Male) |
| 9:40 | Create | Fishing Ship |
| 10:09 | Create | Villager (Male) |
| 10:29 | Build | Dock |
| 10:49 | Build | House |
| 10:55 | Create | Fishing Ship |
| 10:55 | Create | Fishing Ship |
| 11:23 | Research | Feudal Age |
| 11:43 | Create | Villager (Male) |
| 11:46 | Create | Fishing Ship |
| 11:51 | Create | Fishing Ship |
| 11:56 | Create | Fishing Ship |
| 12:04 | Build | House |
| 12:37 | Build | Mill |
| 12:41 | Create | Villager (Male) |
| 12:59 | Create | Fishing Ship |
| 13:06 | Create | Fishing Ship |
| 13:28 | Build | Mining Camp |
| 13:36 | Age | Feudal Age |
| 13:41 | Research | Double-Bit Axe |
| 13:43 | Create | Villager (Male) |
| 13:55 | Create | Villager (Male) |
| 14:09 | Create | Galley |
| 14:09 | Create | Galley |
| 14:18 | Create | Fire Galley |
| 14:18 | Create | Fire Galley |
| 14:28 | Create | Villager (Male) |
| 14:28 | Create | Villager (Male) |
| 14:29 | Create | Villager (Male) |
| 14:43 | Create | Fire Galley |
| 14:43 | Create | Fire Galley |
| 15:02 | Build | House |
| 15:05 | Build | Blacksmith |
| 15:12 | Build | House |
| 15:16 | Create | Villager (Male) |
| 15:17 | Create | Villager (Male) |
| 15:28 | Create | Fire Galley |
| 15:29 | Create | Fire Galley |
| 15:46 | Build | House |
| 15:50 | Create | Fire Galley |
| 15:50 | Create | Fire Galley |
| 16:06 | Create | Fire Galley |
| 16:23 | Create | Villager (Male) |
| 16:23 | Create | Villager (Male) |
| 16:51 | Build | Barracks |
| 16:54 | Build | House |
| 16:58 | Create | Villager (Male) |
| 16:59 | Create | Villager (Male) |
| 17:05 | Create | Fire Galley |
| 17:06 | Create | Fire Galley |
| 17:31 | Create | Fire Galley |
| 17:31 | Create | Fire Galley |
| 17:52 | Create | Villager (Male) |
| 17:52 | Create | Villager (Male) |
| 18:00 | Build | Market |
| 18:27 | Build | Dock |
| 18:43 | Create | Villager (Male) |
| 18:43 | Create | Villager (Male) |
| 18:49 | Build | Mining Camp |
| 19:20 | Research | Castle Age |
| 19:26 | Build | Stable |
| 19:30 | Research | Scale Barding Armor |
| 19:30 | Research | Forging |
| 19:31 | Research | Forging |
| 19:37 | Research | Horse Collar |
| 19:37 | Research | Horse Collar |
| 20:09 | Build | Stable |
| 20:17 | Create | Villager (Male) |
| 20:44 | Build | Dock |
| 20:51 | Build | Dock |
| 21:02 | Research | Bloodlines |
| 21:12 | Build | Farm |
| 21:18 | Research | Tech 906 |
| 21:31 | Research | Gold Mining |
| 21:32 | Research | Stone Mining |
| 21:41 | Build | Farm |
| 22:01 | Create | Villager (Male) |
| 22:01 | Create | Villager (Male) |
| 22:08 | Age | Castle Age |
| 22:09 | Research | Bow Saw |
| 22:09 | Research | Bow Saw |
| 22:13 | Research | Husbandry |
| 22:14 | Create | Knight ×4 |
| 22:25 | Build | Town Center |
| 22:40 | Create | Demolition Raft |
| 22:44 | Create | Demolition Raft |
| 22:54 | Create | Knight |
| 22:54 | Create | Knight |
| 22:54 | Create | Knight |
| 23:15 | Create | Knight |
| 23:15 | Create | Knight |
| 23:28 | Build | House |
| 23:35 | Build | Siege Workshop |
| 23:42 | Create | Knight ×4 |
| 24:18 | Create | Villager (Male) |
| 24:19 | Create | Villager (Male) |
| 24:23 | Create | Mangonel |
| 24:28 | Build | Farm |
| 24:34 | Build | House |
| 24:45 | Build | Farm |
| 25:03 | Build | Town Center |
| 25:18 | Research | Chain Barding Armor |
| 25:36 | Create | Knight |
| 25:42 | Create | Demolition Raft |
| 26:06 | Create | Knight |
| 26:26 | Create | Knight |
| 26:41 | Research | Gillnets |
| 26:48 | Create | Demolition Raft |
| 26:54 | Create | Demolition Raft |
| 27:00 | Create | Fishing Ship |
Build order — zabreyski
First 150 of 197 actions detected
| 1:05 | Build | Town Center |
| 3:10 | Build | Dock |
| 3:14 | Build | House |
| 3:48 | Create | Villager (Male) |
| 3:49 | Create | Villager (Male) |
| 3:49 | Create | Villager (Male) |
| 3:49 | Create | Villager (Male) |
| 4:53 | Create | Villager (Male) |
| 5:27 | Create | Villager (Male) |
| 5:28 | Create | Villager (Male) |
| 5:54 | Create | Villager (Male) |
| 5:55 | Create | Villager (Male) |
| 6:16 | Create | Villager (Male) |
| 6:42 | Create | Villager (Male) |
| 7:10 | Create | Villager (Male) |
| 7:19 | Create | Fishing Ship |
| 7:44 | Create | Villager (Male) |
| 7:45 | Create | Villager (Male) |
| 7:49 | Build | House |
| 7:53 | Create | Villager (Male) |
| 7:53 | Create | Villager (Male) |
| 8:27 | Create | Villager (Male) |
| 8:32 | Create | Fishing Ship |
| 8:46 | Build | House |
| 8:50 | Create | Villager (Male) |
| 9:20 | Create | Fishing Ship |
| 9:30 | Build | Palisade Wall |
| 9:34 | Create | Villager (Male) |
| 9:34 | Create | Villager (Male) |
| 9:35 | Create | Villager (Male) |
| 9:54 | Build | House |
| 9:59 | Create | Villager (Male) |
| 10:00 | Create | Villager (Male) |
| 10:10 | Create | Villager (Male) |
| 10:15 | Create | Fishing Ship |
| 10:34 | Build | House |
| 10:39 | Create | Villager (Male) |
| 10:39 | Create | Villager (Male) |
| 10:39 | Create | Villager (Male) |
| 10:53 | Build | Palisade Wall |
| 11:06 | Build | Lumber Camp |
| 11:39 | Create | Fishing Ship |
| 11:39 | Create | Fishing Ship |
| 11:39 | Create | Fishing Ship |
| 11:39 | Create | Fishing Ship |
| 11:39 | Create | Fishing Ship |
| 12:26 | Build | Dock |
| 12:31 | Create | Villager (Male) |
| 12:31 | Create | Villager (Male) |
| 12:38 | Create | Fishing Ship |
| 13:04 | Create | Fishing Ship |
| 13:17 | Research | Feudal Age |
| 13:45 | Build | Barracks |
| 14:19 | Create | Fishing Ship |
| 14:46 | Build | Mining Camp |
| 14:54 | Build | House |
| 15:00 | Create | Villager (Male) |
| 15:00 | Create | Villager (Male) |
| 15:00 | Create | Villager (Male) |
| 15:08 | Create | Fishing Ship |
| 15:15 | Create | Fishing Ship |
| 15:33 | Age | Feudal Age |
| 15:40 | Build | Palisade Wall |
| 15:44 | Create | Villager (Male) |
| 15:56 | Build | Stable |
| 16:12 | Build | Blacksmith |
| 16:29 | Create | Demolition Raft |
| 16:33 | Create | Demolition Raft |
| 16:37 | Create | Fishing Ship |
| 16:42 | Create | Fishing Ship |
| 16:55 | Create | Villager (Male) |
| 17:07 | Build | Mill |
| 17:19 | Build | House |
| 17:30 | Create | Villager (Male) |
| 17:55 | Create | Fire Galley |
| 18:00 | Create | Fire Galley |
| 18:26 | Create | Villager (Male) |
| 18:26 | Create | Villager (Male) |
| 18:56 | Create | Fire Galley |
| 19:08 | Create | Fire Galley |
| 19:08 | Create | Fire Galley |
| 19:14 | Research | Castle Age |
| 19:44 | Create | Villager (Male) |
| 19:51 | Build | Stable |
| 20:02 | Build | House |
| 20:15 | Research | Scale Barding Armor |
| 20:25 | Research | Bloodlines |
| 20:42 | Research | Wheelbarrow |
| 20:51 | Build | House |
| 21:09 | Research | Double-Bit Axe |
| 21:20 | Build | Archery Range |
| 21:56 | Age | Castle Age |
| 22:10 | Build | Town Center |
| 22:16 | Create | Shrivamsha Rider |
| 22:17 | Create | Shrivamsha Rider |
| 22:21 | Create | Shrivamsha Rider |
| 22:21 | Create | Shrivamsha Rider |
| 22:42 | Build | Farm |
| 22:43 | Build | Farm |
| 22:52 | Create | Villager (Male) |
| 22:57 | Build | Archery Range |
| 23:02 | Create | Archer |
| 23:02 | Create | Archer |
| 23:07 | Research | Fletching |
| 23:08 | Research | Padded Archer Armor |
| 23:17 | Research | Forging |
| 24:15 | Create | Archer |
| 24:16 | Create | Elephant Archer |
| 24:21 | Create | Militia |
| 24:21 | Create | Militia |
| 24:34 | Create | Camel Scout |
| 24:51 | Create | Villager (Male) |
| 24:57 | Create | Archer |
| 25:15 | Research | Man-at-Arms (upgrade) |
| 25:18 | Create | Archer |
| 25:27 | Research | Crossbowman (upgrade) |
| 25:55 | Create | Villager (Male) |
| 25:55 | Create | Villager (Male) |
| 25:57 | Create | Villager (Male) |
| 25:57 | Create | Villager (Male) |
| 26:12 | Build | Town Center |
| 26:38 | Create | Villager (Male) |
| 26:41 | Create | Villager (Male) |
| 26:42 | Create | Villager (Male) |
| 27:14 | Build | Town Center |
| 27:21 | Create | Villager (Male) |
| 27:21 | Create | Villager (Male) |
| 27:22 | Create | Villager (Male) |
| 27:23 | Create | Villager (Male) |
| 27:30 | Create | Archer |
| 27:37 | Create | Archer ×5 |
| 27:43 | Research | Gold Mining |
| 27:52 | Research | Bow Saw |
| 28:07 | Build | House |
| 28:08 | Build | House |
| 28:18 | Create | Villager (Male) |
| 28:29 | Create | Archer ×4 |
| 28:54 | Create | Archer |
| 29:26 | Build | Town Center |
| 29:29 | Create | Villager (Male) |
| 29:29 | Create | Villager (Male) |
| 29:33 | Create | Villager (Male) |
| 29:33 | Create | Villager (Male) |
| 29:47 | Build | Farm |
| 29:49 | Build | Farm |
| 29:50 | Build | Farm |
| 29:52 | Build | Farm |
| 29:53 | Build | Farm |
| 29:55 | Build | Farm |
| 29:58 | Create | Villager (Male) |
Build order — Huge_Prostate
First 150 of 153 actions detected
| 0:40 | Build | Town Center |
| 2:07 | Build | House |
| 3:07 | Build | Dock |
| 3:36 | Create | Villager (Male) |
| 3:36 | Create | Villager (Male) |
| 3:37 | Create | Villager (Male) |
| 3:37 | Create | Villager (Male) |
| 4:15 | Build | House |
| 5:02 | Create | Villager (Male) |
| 5:30 | Create | Villager (Male) |
| 6:00 | Create | Villager (Male) |
| 6:17 | Build | Palisade Wall |
| 6:26 | Create | Villager (Male) |
| 7:09 | Create | Villager (Male) |
| 7:11 | Create | Fishing Ship |
| 7:36 | Create | Villager (Male) |
| 8:04 | Build | House |
| 8:12 | Create | Villager (Male) |
| 8:15 | Create | Fishing Ship |
| 8:32 | Build | Palisade Wall |
| 8:51 | Create | Villager (Male) |
| 9:03 | Build | House |
| 9:09 | Create | Fishing Ship |
| 9:26 | Create | Villager (Male) |
| 9:29 | Create | Fishing Ship |
| 9:36 | Research | Loom |
| 10:04 | Build | Mill |
| 10:13 | Build | Palisade Wall |
| 10:20 | Create | Villager (Male) |
| 10:47 | Create | Fishing Ship |
| 11:00 | Build | Outpost |
| 11:05 | Create | Villager (Male) |
| 11:23 | Build | Palisade Wall |
| 11:33 | Create | Villager (Male) |
| 11:39 | Create | Fishing Ship |
| 12:00 | Build | House |
| 12:03 | Build | House |
| 12:05 | Build | House |
| 12:21 | Build | Mining Camp |
| 12:43 | Research | Feudal Age |
| 13:23 | Build | Dock |
| 13:39 | Build | Palisade Wall |
| 13:58 | Create | Villager (Male) |
| 14:32 | Build | House |
| 14:47 | Build | Palisade Wall |
| 14:53 | Age | Feudal Age |
| 15:08 | Build | Watch Tower |
| 15:13 | Create | Villager (Male) |
| 15:20 | Create | Fire Galley |
| 15:21 | Create | Fire Galley |
| 15:37 | Create | Villager (Male) |
| 15:44 | Build | Lumber Camp |
| 15:58 | Build | Watch Tower |
| 16:30 | Create | Villager (Male) |
| 16:31 | Create | Villager (Male) |
| 16:31 | Create | Villager (Male) |
| 16:31 | Create | Villager (Male) |
| 16:49 | Research | Double-Bit Axe |
| 17:34 | Build | Mining Camp |
| 17:42 | Build | Blacksmith |
| 17:43 | Create | Villager (Male) |
| 17:44 | Create | Villager (Male) |
| 17:45 | Create | Villager (Male) |
| 18:10 | Build | Palisade Wall |
| 18:23 | Build | Watch Tower |
| 18:27 | Create | Villager (Male) |
| 18:50 | Create | Villager (Male) |
| 18:51 | Create | Villager (Male) |
| 19:11 | Build | Market |
| 19:19 | Research | Fletching |
| 19:55 | Build | Palisade Wall |
| 20:07 | Create | Villager (Male) |
| 20:16 | Build | House |
| 20:16 | Build | House |
| 20:20 | Research | Gold Mining |
| 20:53 | Create | Fire Galley |
| 20:57 | Create | Unit 2626 |
| 21:01 | Create | Unit 2626 |
| 21:05 | Create | Unit 2626 |
| 21:28 | Create | Villager (Male) |
| 21:28 | Create | Villager (Male) |
| 21:50 | Create | Unit 2626 |
| 21:52 | Create | Unit 2626 |
| 22:10 | Build | Barracks |
| 22:55 | Create | Unit 2626 |
| 22:55 | Create | Unit 2626 |
| 23:10 | Build | Watch Tower |
| 23:18 | Build | Watch Tower |
| 23:35 | Create | Fire Galley |
| 23:35 | Create | Fire Galley |
| 23:38 | Create | Villager (Male) |
| 23:38 | Create | Villager (Male) |
| 23:39 | Create | Villager (Male) |
| 23:40 | Create | Villager (Male) |
| 24:08 | Create | Fire Galley |
| 24:27 | Create | Villager (Male) |
| 24:28 | Create | Villager (Male) |
| 24:35 | Build | Stable |
| 24:50 | Build | Farm |
| 24:57 | Build | Farm |
| 24:58 | Build | Farm |
| 24:59 | Build | Farm |
| 25:01 | Build | Farm |
| 25:02 | Build | Farm |
| 25:20 | Create | Fire Galley |
| 25:20 | Create | Fire Galley |
| 25:26 | Build | Farm |
| 25:30 | Build | Farm |
| 25:46 | Build | Watch Tower |
| 25:58 | Research | Scale Barding Armor |
| 26:05 | Build | Stable |
| 26:14 | Build | House |
| 26:17 | Create | Villager (Male) |
| 26:17 | Create | Villager (Male) |
| 26:41 | Create | Fire Galley |
| 26:42 | Create | Fire Galley |
| 27:00 | Build | Farm |
| 27:02 | Build | Farm |
| 27:03 | Build | Farm |
| 27:05 | Build | Farm |
| 27:23 | Build | Watch Tower |
| 27:24 | Build | Watch Tower |
| 27:25 | Build | Watch Tower |
| 28:14 | Build | Watch Tower |
| 28:27 | Build | Lumber Camp |
| 28:56 | Create | Villager (Male) |
| 29:08 | Build | House |
| 29:09 | Build | House |
| 29:10 | Build | House |
| 29:11 | Build | House |
| 29:12 | Build | House |
| 29:22 | Research | Castle Age |
| 30:21 | Build | House |
| 31:45 | Create | Scout Cavalry |
| 31:46 | Create | Scout Cavalry |
| 31:51 | Build | House |
| 31:57 | Research | Forging |
| 32:00 | Research | Stone Mining |
| 32:09 | Build | Farm |
| 32:24 | Create | Scout Cavalry |
| 32:25 | Create | Scout Cavalry |
| 32:46 | Age | Castle Age |
| 32:47 | Create | Villager (Male) |
| 32:49 | Create | Villager (Male) |
| 32:54 | Build | Mill |
| 33:23 | Build | Castle |
| 33:30 | Build | Palisade Wall |
| 33:35 | Build | Palisade Wall |
| 33:56 | Build | Palisade Wall |
| 34:06 | Create | Scout Cavalry |
Build order — Shaggy
First 150 of 329 actions detected
| 0:10 | Build | House |
| 0:14 | Build | Town Center |
| 0:27 | Build | Dock |
| 3:00 | Research | Loom |
| 3:00 | Create | Villager (Male) |
| 3:01 | Create | Villager (Male) |
| 4:06 | Create | Villager (Male) |
| 4:06 | Create | Villager (Male) |
| 4:06 | Create | Villager (Male) |
| 4:34 | Create | Villager (Male) |
| 4:45 | Create | Villager (Male) |
| 5:25 | Create | Villager (Male) |
| 5:56 | Create | Villager (Male) |
| 6:08 | Create | Villager (Male) |
| 6:23 | Create | Villager (Male) |
| 6:28 | Build | House |
| 6:39 | Build | House |
| 7:06 | Create | Villager (Male) |
| 7:38 | Create | Villager (Male) |
| 7:41 | Build | House |
| 7:42 | Build | House |
| 8:04 | Create | Villager (Male) |
| 8:53 | Create | Villager (Male) |
| 9:00 | Build | Mill |
| 9:34 | Create | Villager (Male) |
| 9:58 | Create | Fishing Ship |
| 10:33 | Create | Villager (Male) |
| 10:59 | Create | Villager (Male) |
| 11:31 | Create | Villager (Male) |
| 11:31 | Create | Villager (Male) |
| 11:41 | Build | Mill |
| 12:04 | Create | Villager (Male) |
| 12:30 | Create | Villager (Male) |
| 13:08 | Create | Villager (Male) |
| 13:12 | Build | Mining Camp |
| 13:49 | Create | Villager (Male) |
| 13:49 | Research | Feudal Age |
| 14:49 | Create | Villager (Male) |
| 14:50 | Create | Villager (Male) |
| 16:24 | Age | Feudal Age |
| 16:27 | Build | Market |
| 16:30 | Build | Blacksmith |
| 16:53 | Build | Mining Camp |
| 17:11 | Build | Lumber Camp |
| 17:16 | Research | Castle Age |
| 17:16 | Research | Castle Age |
| 17:16 | Research | Castle Age |
| 17:31 | Build | Mill |
| 18:04 | Create | Unit 2626 |
| 18:13 | Research | Double-Bit Axe |
| 18:14 | Research | Double-Bit Axe |
| 18:22 | Build | House |
| 18:29 | Build | House |
| 18:51 | Research | Gold Mining |
| 19:15 | Research | Horse Collar |
| 19:17 | Research | Stone Mining |
| 19:20 | Create | Villager (Male) |
| 19:26 | Build | House |
| 19:39 | Create | Unit 2626 |
| 19:48 | Create | Unit 2626 |
| 19:56 | Age | Castle Age |
| 20:10 | Create | Fishing Ship |
| 20:18 | Create | Villager (Male) |
| 20:31 | Build | Town Center |
| 20:39 | Create | Villager (Male) |
| 20:46 | Create | Villager (Male) |
| 21:00 | Research | Bow Saw |
| 21:36 | Create | Villager (Male) |
| 21:36 | Create | Villager (Male) |
| 21:36 | Create | Villager (Male) |
| 21:40 | Create | Villager (Male) |
| 21:41 | Create | Villager (Male) |
| 21:56 | Build | Town Center |
| 22:05 | Create | Fishing Ship |
| 22:10 | Create | Villager (Male) |
| 22:11 | Research | Wheelbarrow |
| 22:50 | Build | Fish Trap |
| 22:52 | Create | Fishing Ship |
| 22:53 | Create | Villager (Male) |
| 22:53 | Create | Villager (Male) |
| 22:53 | Create | Villager (Male) |
| 22:54 | Create | Villager (Male) |
| 23:01 | Build | Farm |
| 23:02 | Build | Farm |
| 23:03 | Build | Farm |
| 23:14 | Research | Heavy Plow |
| 23:15 | Research | Heavy Plow |
| 23:15 | Create | Villager (Male) |
| 23:15 | Create | Villager (Male) |
| 23:16 | Create | Villager (Male) |
| 23:30 | Build | Farm |
| 23:30 | Build | Farm |
| 23:30 | Build | Farm |
| 23:34 | Create | Fishing Ship |
| 23:39 | Build | Fish Trap |
| 23:44 | Create | Villager (Male) |
| 23:44 | Create | Villager (Male) |
| 23:44 | Create | Villager (Male) |
| 23:44 | Create | Villager (Male) |
| 23:58 | Build | Farm |
| 24:00 | Build | Farm |
| 24:08 | Build | Barracks |
| 24:26 | Build | Fish Trap |
| 24:29 | Create | Fishing Ship |
| 24:30 | Create | Villager (Male) |
| 24:30 | Create | Villager (Male) |
| 24:30 | Create | Villager (Male) |
| 24:30 | Create | Villager (Male) |
| 24:36 | Build | Lumber Camp |
| 24:48 | Create | Villager (Male) |
| 24:48 | Create | Villager (Male) |
| 24:49 | Create | Villager (Male) |
| 24:49 | Create | Villager (Male) |
| 24:53 | Build | House |
| 24:53 | Build | House |
| 25:01 | Build | Castle |
| 25:06 | Create | Villager (Male) |
| 25:07 | Create | Villager (Male) |
| 25:07 | Create | Villager (Male) |
| 25:15 | Build | Stable |
| 25:19 | Build | House |
| 25:25 | Build | Farm |
| 25:31 | Build | House |
| 25:32 | Build | House |
| 25:32 | Build | House |
| 25:32 | Build | House |
| 25:32 | Build | House |
| 25:33 | Build | House |
| 25:33 | Build | House |
| 25:33 | Build | House |
| 25:34 | Build | House |
| 25:34 | Build | House |
| 25:36 | Create | Villager (Male) |
| 25:36 | Create | Villager (Male) |
| 25:36 | Create | Villager (Male) |
| 25:36 | Create | Villager (Male) |
| 25:40 | Build | Fish Trap |
| 25:52 | Create | Villager (Male) |
| 26:04 | Build | Stable |
| 26:12 | Create | Villager (Male) |
| 26:12 | Create | Villager (Male) |
| 26:13 | Create | Villager (Male) |
| 26:13 | Create | Villager (Male) |
| 26:21 | Create | Villager (Male) |
| 26:36 | Create | Villager (Male) |
| 26:36 | Create | Villager (Male) |
| 26:36 | Create | Villager (Male) |
| 26:42 | Build | Mill |
| 26:43 | Build | Farm |
| 26:43 | Build | Farm |
Build order — BellyButton
114 actions detected in the replay
| 0:11 | Build | Town Center |
| 1:31 | Build | Dock |
| 1:35 | Build | House |
| 1:37 | Build | Palisade Wall |
| 2:33 | Create | Villager (Male) |
| 2:33 | Create | Villager (Male) |
| 2:35 | Create | Villager (Male) |
| 2:35 | Create | Villager (Male) |
| 4:05 | Create | Villager (Male) |
| 4:24 | Build | House |
| 4:34 | Create | Villager (Male) |
| 4:53 | Create | Fishing Ship |
| 5:03 | Create | Villager (Male) |
| 5:18 | Research | Loom |
| 5:38 | Create | Villager (Male) |
| 6:05 | Create | Fishing Ship |
| 6:21 | Create | Villager (Male) |
| 6:30 | Build | House |
| 6:36 | Create | Villager (Male) |
| 6:56 | Create | Villager (Male) |
| 6:56 | Create | Villager (Male) |
| 7:24 | Create | Villager (Male) |
| 7:33 | Create | Fishing Ship |
| 7:56 | Create | Villager (Male) |
| 8:06 | Create | Fishing Ship |
| 8:11 | Build | House |
| 8:20 | Create | Villager (Male) |
| 8:50 | Create | Villager (Male) |
| 9:15 | Build | House |
| 9:17 | Create | Villager (Male) |
| 9:25 | Create | Fishing Ship |
| 9:42 | Build | Mining Camp |
| 9:46 | Create | Villager (Male) |
| 10:10 | Create | Villager (Male) |
| 10:56 | Research | Feudal Age |
| 11:31 | Build | Mill |
| 12:10 | Build | Outpost |
| 13:06 | Age | Feudal Age |
| 13:10 | Create | Villager (Male) |
| 13:14 | Build | Market |
| 13:18 | Create | Fire Galley |
| 13:26 | Build | Blacksmith |
| 13:29 | Build | House |
| 13:32 | Create | Villager (Male) |
| 13:33 | Research | Town Watch |
| 13:54 | Build | Outpost |
| 14:24 | Create | Villager (Male) |
| 14:54 | Create | Villager (Male) |
| 15:19 | Research | Castle Age |
| 15:19 | Research | Castle Age |
| 15:19 | Research | Castle Age |
| 16:57 | Build | Barracks |
| 17:12 | Build | Outpost |
| 17:18 | Research | Horse Collar |
| 17:23 | Build | Lumber Camp |
| 17:33 | Build | House |
| 17:47 | Create | Eagle Scout |
| 17:47 | Create | Eagle Scout |
| 17:50 | Build | Barracks |
| 17:52 | Build | Farm |
| 17:52 | Build | Farm |
| 17:53 | Build | Farm |
| 17:53 | Build | Farm |
| 17:58 | Research | Scale Mail Armor |
| 17:59 | Age | Castle Age |
| 18:02 | Create | Villager (Male) |
| 18:16 | Build | Outpost |
| 18:25 | Build | Farm |
| 18:26 | Create | Eagle Scout |
| 18:36 | Create | Eagle Scout |
| 18:40 | Research | Forging |
| 18:42 | Build | Farm |
| 18:53 | Build | Farm |
| 19:04 | Create | Villager (Male) |
| 19:12 | Build | Farm |
| 19:20 | Create | Eagle Scout |
| 19:20 | Create | Eagle Scout |
| 19:23 | Create | Villager (Male) |
| 19:44 | Build | House |
| 19:47 | Create | Villager (Male) |
| 19:57 | Build | Farm |
| 20:10 | Research | Arson |
| 20:17 | Create | Eagle Scout |
| 20:32 | Build | Town Center |
| 20:37 | Create | Villager (Male) |
| 20:50 | Create | Eagle Scout |
| 20:51 | Create | Eagle Scout |
| 20:55 | Build | Farm |
| 21:03 | Create | Villager (Male) |
| 21:15 | Build | House |
| 21:20 | Build | House |
| 21:33 | Create | Villager (Male) |
| 22:03 | Research | Eagle Warrior (upgrade) |
| 22:09 | Create | Villager (Male) |
| 22:10 | Create | Villager (Male) |
| 22:11 | Create | Villager (Male) |
| 22:22 | Build | House |
| 22:33 | Create | Villager (Male) |
| 22:48 | Create | Villager (Male) |
| 22:56 | Create | Villager (Male) |
| 23:01 | Research | Squires |
| 23:03 | Create | Eagle Scout |
| 23:34 | Create | Eagle Scout |
| 23:58 | Create | Villager (Male) |
| 24:13 | Build | Monastery |
| 24:15 | Create | Villager (Male) |
| 24:20 | Create | Eagle Scout |
| 24:20 | Create | Eagle Scout |
| 24:29 | Create | Villager (Male) |
| 24:36 | Create | Villager (Male) |
| 24:59 | Create | Villager (Male) |
| 25:00 | Create | Monk |
| 25:04 | Create | Eagle Scout |
| 25:07 | Create | Villager (Male) ×5 |
Build order — RamiroZ117
First 150 of 151 actions detected
| 0:13 | Build | House |
| 0:36 | Build | Town Center |
| 3:24 | Create | Villager (Male) |
| 3:24 | Create | Villager (Male) |
| 3:24 | Create | Villager (Male) |
| 4:07 | Create | Villager (Male) |
| 4:47 | Create | Villager (Male) |
| 4:47 | Create | Villager (Male) |
| 5:19 | Build | House |
| 5:35 | Create | Villager (Male) |
| 5:35 | Create | Villager (Male) |
| 5:48 | Build | Mill |
| 5:57 | Build | House |
| 6:14 | Create | Villager (Male) |
| 6:14 | Create | Villager (Male) |
| 7:10 | Create | Villager (Male) |
| 7:10 | Create | Villager (Male) |
| 7:39 | Create | Villager (Male) |
| 7:39 | Create | Villager (Male) |
| 8:26 | Create | Villager (Male) |
| 8:46 | Create | Villager (Male) |
| 9:44 | Create | Villager (Male) |
| 9:45 | Create | Villager (Male) |
| 10:24 | Build | House |
| 10:25 | Create | Villager (Male) |
| 11:00 | Build | House |
| 11:03 | Create | Villager (Male) |
| 11:03 | Create | Villager (Male) |
| 11:40 | Build | Barracks |
| 11:47 | Build | Mining Camp |
| 11:52 | Create | Villager (Male) |
| 12:27 | Research | Feudal Age |
| 14:11 | Build | Lumber Camp |
| 15:32 | Build | Farm |
| 15:34 | Build | Farm |
| 15:35 | Build | Farm |
| 16:06 | Create | Villager (Male) |
| 16:06 | Create | Villager (Male) |
| 16:40 | Build | Market |
| 16:53 | Build | Farm |
| 17:33 | Build | Blacksmith |
| 17:41 | Create | Villager (Male) |
| 17:44 | Create | Villager (Male) |
| 18:18 | Research | Castle Age |
| 18:43 | Research | Double-Bit Axe |
| 18:46 | Create | Villager (Male) |
| 18:51 | Create | Villager (Male) |
| 18:55 | Build | Farm |
| 18:57 | Build | Farm |
| 19:27 | Build | Stable |
| 20:28 | Build | Stable |
| 20:39 | Create | Villager (Male) |
| 20:39 | Create | Villager (Male) |
| 20:39 | Create | Villager (Male) |
| 20:49 | Build | Mining Camp |
| 20:56 | Build | Palisade Gate |
| 21:25 | Create | Villager (Male) |
| 21:25 | Create | Villager (Male) |
| 21:30 | Build | Farm |
| 21:36 | Create | Scout Cavalry |
| 21:36 | Create | Scout Cavalry |
| 21:53 | Research | Horse Collar |
| 22:03 | Build | Farm |
| 22:04 | Build | Farm |
| 22:05 | Build | Farm |
| 22:07 | Build | Farm |
| 22:34 | Create | Villager (Male) |
| 22:41 | Create | Scout Cavalry |
| 22:55 | Build | Town Center |
| 23:39 | Research | Light Cavalry (upgrade) |
| 23:43 | Create | Villager (Male) |
| 23:43 | Create | Villager (Male) |
| 23:44 | Create | Villager (Male) |
| 23:44 | Create | Villager (Male) |
| 24:05 | Build | Farm |
| 24:08 | Build | Farm |
| 24:09 | Build | Farm |
| 24:13 | Build | House |
| 24:14 | Build | House |
| 24:40 | Build | Lumber Camp |
| 24:47 | Build | Palisade Wall |
| 24:52 | Research | Bloodlines |
| 24:56 | Create | Scout Cavalry |
| 24:56 | Create | Scout Cavalry |
| 25:18 | Build | House |
| 25:20 | Build | House |
| 25:26 | Create | Villager (Male) |
| 25:26 | Create | Villager (Male) |
| 25:35 | Build | Farm |
| 26:04 | Create | Scout Cavalry |
| 26:04 | Create | Scout Cavalry |
| 26:04 | Create | Scout Cavalry |
| 26:04 | Create | Scout Cavalry |
| 26:26 | Create | Scout Cavalry |
| 26:26 | Create | Scout Cavalry |
| 26:52 | Build | Farm |
| 26:53 | Build | Farm |
| 26:57 | Build | Farm |
| 26:58 | Build | Farm |
| 27:28 | Create | Scout Cavalry |
| 27:29 | Create | Scout Cavalry |
| 27:29 | Create | Scout Cavalry |
| 28:14 | Create | Villager (Male) |
| 28:14 | Create | Villager (Male) |
| 28:14 | Create | Villager (Male) |
| 30:10 | Create | Scout Cavalry |
| 30:10 | Create | Scout Cavalry |
| 30:11 | Create | Scout Cavalry |
| 30:11 | Create | Scout Cavalry |
| 30:11 | Create | Scout Cavalry |
| 30:12 | Create | Scout Cavalry |
| 30:12 | Create | Scout Cavalry |
| 30:40 | Create | Villager (Male) |
| 30:40 | Create | Villager (Male) |
| 30:43 | Create | Villager (Male) |
| 30:43 | Create | Villager (Male) |
| 30:43 | Create | Villager (Male) |
| 30:44 | Create | Villager (Male) |
| 30:49 | Build | House |
| 30:50 | Build | House |
| 30:52 | Build | House |
| 31:25 | Research | Forging |
| 31:55 | Create | Villager (Male) |
| 31:55 | Create | Villager (Male) |
| 31:56 | Create | Villager (Male) |
| 31:56 | Create | Villager (Male) |
| 31:56 | Create | Villager (Male) |
| 32:07 | Build | Castle |
| 32:44 | Build | Farm |
| 32:45 | Build | Farm |
| 32:45 | Build | Farm |
| 32:45 | Build | Farm |
| 32:45 | Build | Farm |
| 33:15 | Build | Town Center |
| 33:32 | Research | Gold Mining |
| 34:42 | Build | Mining Camp |
| 35:22 | Research | Imperial Age |
| 36:02 | Build | Stable |
| 36:03 | Build | Stable |
| 36:09 | Build | Stable |
| 36:21 | Create | Villager (Male) |
| 36:22 | Create | Villager (Male) |
| 36:22 | Create | Villager (Male) |
| 36:22 | Create | Villager (Male) |
| 36:46 | Research | Scale Barding Armor |
| 36:47 | Research | Iron Casting |
| 37:20 | Create | Scout Cavalry |
| 37:20 | Create | Scout Cavalry |
| 37:20 | Create | Scout Cavalry |
| 37:21 | Create | Scout Cavalry |
Build order — IsamelChacon
First 150 of 204 actions detected
| 0:16 | Build | Town Center |
| 1:21 | Build | Dock |
| 2:47 | Create | Villager (Male) |
| 2:47 | Create | Villager (Male) |
| 2:48 | Create | Villager (Male) |
| 2:48 | Create | Villager (Male) |
| 2:48 | Create | Villager (Male) |
| 4:05 | Create | Fishing Ship |
| 4:06 | Create | Villager (Male) |
| 4:38 | Build | House |
| 4:41 | Create | Villager (Male) |
| 4:41 | Create | Villager (Male) |
| 4:45 | Research | Loom |
| 5:04 | Create | Villager (Male) |
| 5:40 | Create | Villager (Male) |
| 6:00 | Create | Villager (Male) |
| 6:00 | Create | Villager (Male) |
| 6:03 | Create | Villager (Male) |
| 6:03 | Create | Villager (Male) |
| 6:09 | Create | Fishing Ship |
| 6:23 | Build | House |
| 6:32 | Create | Villager (Male) |
| 6:32 | Create | Villager (Male) |
| 7:08 | Create | Villager (Male) |
| 7:08 | Create | Villager (Male) |
| 7:23 | Build | Lumber Camp |
| 7:25 | Create | Villager (Male) |
| 7:25 | Create | Villager (Male) |
| 7:50 | Build | House |
| 7:51 | Create | Villager (Male) |
| 8:14 | Create | Fishing Ship |
| 8:14 | Create | Fishing Ship |
| 8:16 | Create | Villager (Male) |
| 8:23 | Build | House |
| 8:39 | Create | Villager (Male) |
| 8:54 | Build | House |
| 8:55 | Create | Fishing Ship |
| 9:08 | Create | Villager (Male) |
| 9:23 | Build | Palisade Wall |
| 9:25 | Create | Villager (Male) |
| 9:48 | Build | Dock |
| 9:58 | Create | Villager (Male) |
| 10:04 | Create | Villager (Male) |
| 10:09 | Build | Mining Camp |
| 10:45 | Create | Villager (Male) |
| 10:50 | Create | Fishing Ship |
| 10:52 | Create | Fishing Ship |
| 11:17 | Build | Palisade Wall |
| 11:18 | Build | Palisade Wall |
| 11:19 | Build | Palisade Wall |
| 11:20 | Build | Palisade Wall |
| 11:23 | Create | Villager (Male) |
| 11:31 | Create | Fishing Ship |
| 11:52 | Build | Mining Camp |
| 11:54 | Create | Villager (Male) |
| 11:55 | Create | Villager (Male) |
| 12:17 | Create | Fishing Ship |
| 12:17 | Create | Fishing Ship |
| 12:32 | Build | Palisade Wall |
| 12:33 | Build | Palisade Wall |
| 12:34 | Build | Palisade Wall |
| 12:35 | Build | Palisade Wall |
| 12:40 | Create | Villager (Male) |
| 13:00 | Research | Loom |
| 13:21 | Build | Palisade Wall |
| 13:23 | Build | Palisade Wall |
| 13:23 | Build | Palisade Wall |
| 13:24 | Build | Palisade Wall |
| 13:25 | Build | Palisade Wall |
| 13:31 | Research | Feudal Age |
| 13:31 | Research | Feudal Age |
| 13:53 | Build | House |
| 14:12 | Build | Dock |
| 14:20 | Create | Fishing Ship |
| 14:36 | Build | House |
| 14:43 | Build | House |
| 14:45 | Build | House |
| 15:10 | Build | Palisade Wall |
| 15:12 | Build | Palisade Wall |
| 15:15 | Create | Villager (Male) |
| 15:15 | Create | Villager (Male) |
| 15:15 | Create | Villager (Male) |
| 15:24 | Build | House |
| 15:26 | Build | House |
| 15:28 | Build | House |
| 15:48 | Build | House |
| 15:53 | Build | Watch Tower |
| 15:58 | Create | Villager (Male) |
| 16:07 | Build | Watch Tower |
| 16:32 | Create | Villager (Male) |
| 16:51 | Create | Villager (Male) |
| 16:53 | Create | Villager (Male) |
| 16:58 | Build | Watch Tower |
| 17:08 | Build | Blacksmith |
| 17:15 | Create | Galley ×3 |
| 17:15 | Create | Galley ×3 |
| 17:18 | Create | Villager (Male) |
| 17:59 | Research | Fletching |
| 18:00 | Create | Villager (Male) |
| 18:23 | Create | Galley ×2 |
| 18:25 | Create | Villager (Male) |
| 19:09 | Create | Fire Galley ×2 |
| 19:10 | Create | Fire Galley ×2 |
| 19:18 | Create | Villager (Male) |
| 19:20 | Research | Gold Mining |
| 19:39 | Create | Fire Galley |
| 19:40 | Create | Fire Galley |
| 19:58 | Create | Villager (Male) |
| 20:08 | Create | Villager (Male) |
| 20:13 | Build | Mill |
| 20:32 | Create | Fire Galley ×2 |
| 20:33 | Create | Fire Galley ×2 |
| 20:33 | Create | Fire Galley ×2 |
| 21:01 | Create | Villager (Male) |
| 21:09 | Build | Watch Tower |
| 21:17 | Create | Fire Galley ×2 |
| 21:17 | Create | Fire Galley ×2 |
| 21:29 | Build | Market |
| 21:31 | Create | Villager (Male) |
| 21:44 | Create | Fire Galley |
| 21:44 | Create | Fire Galley |
| 21:57 | Build | Mining Camp |
| 21:59 | Create | Villager (Male) |
| 22:30 | Create | Unit 2626 ×2 |
| 22:30 | Create | Unit 2626 ×2 |
| 22:57 | Research | Castle Age |
| 22:58 | Research | Castle Age |
| 23:04 | Create | Unit 2626 ×2 |
| 23:05 | Create | Fire Galley |
| 23:18 | Create | Villager (Male) |
| 23:22 | Create | Unit 2626 |
| 23:58 | Create | Unit 2626 ×2 |
| 23:58 | Create | Unit 2626 ×2 |
| 24:12 | Create | Unit 2626 |
| 24:18 | Build | Lumber Camp |
| 24:24 | Build | Mill |
| 24:31 | Create | Unit 2626 |
| 24:32 | Create | Unit 2626 |
| 24:33 | Create | Fishing Ship ×3 |
| 24:33 | Create | Fishing Ship |
| 25:02 | Create | Fishing Ship ×2 |
| 25:34 | Create | Fishing Ship ×3 |
| 26:09 | Build | Castle |
| 26:20 | Research | Tech 906 |
| 26:21 | Research | War Galley (upgrade) |
| 26:28 | Build | Lumber Camp |
| 26:44 | Build | Monastery |
| 26:55 | Research | Wheelbarrow |
| 26:55 | Research | Town Watch |
| 27:21 | Build | Town Center |
Build order — NieA
First 150 of 195 actions detected
| 0:06 | Build | Town Center |
| 2:22 | Build | House |
| 2:35 | Create | Villager (Male) |
| 2:35 | Create | Villager (Male) |
| 2:36 | Create | Villager (Male) |
| 2:36 | Create | Villager (Male) |
| 2:36 | Create | Villager (Male) |
| 2:36 | Create | Villager (Male) |
| 3:47 | Create | Villager (Male) |
| 3:47 | Create | Villager (Male) |
| 4:10 | Build | House |
| 4:17 | Create | Villager (Male) |
| 4:17 | Create | Villager (Male) |
| 4:33 | Create | Villager (Male) |
| 4:33 | Research | Loom |
| 4:44 | Build | Lumber Camp |
| 5:16 | Create | Villager (Male) |
| 5:16 | Create | Villager (Male) |
| 5:17 | Create | Villager (Male) |
| 5:49 | Build | House |
| 5:53 | Create | Villager (Male) |
| 5:53 | Create | Villager (Male) |
| 5:54 | Create | Villager (Male) |
| 5:54 | Create | Villager (Male) |
| 6:31 | Create | Villager (Male) |
| 6:32 | Create | Villager (Male) |
| 6:32 | Create | Villager (Male) |
| 7:02 | Create | Villager (Male) |
| 7:03 | Create | Villager (Male) |
| 7:03 | Create | Villager (Male) |
| 7:03 | Create | Villager (Male) |
| 7:28 | Build | Dock |
| 7:47 | Create | Villager (Male) |
| 7:47 | Create | Villager (Male) |
| 7:47 | Create | Villager (Male) |
| 7:56 | Build | House |
| 7:57 | Build | House |
| 8:05 | Create | Villager (Male) |
| 8:34 | Create | Fishing Ship |
| 8:34 | Create | Fishing Ship |
| 8:34 | Create | Fishing Ship |
| 8:54 | Build | House |
| 9:09 | Create | Villager (Male) |
| 9:11 | Create | Fishing Ship |
| 9:23 | Build | House |
| 9:28 | Create | Villager (Male) |
| 9:28 | Create | Villager (Male) |
| 9:28 | Create | Villager (Male) |
| 9:44 | Create | Fishing Ship |
| 10:08 | Build | Mill |
| 10:33 | Build | Dock |
| 10:43 | Create | Villager (Male) |
| 10:43 | Create | Villager (Male) |
| 11:00 | Create | Fishing Ship |
| 11:11 | Create | Fishing Ship |
| 11:23 | Build | House |
| 11:35 | Create | Villager (Male) |
| 11:36 | Create | Villager (Male) |
| 11:45 | Create | Fishing Ship |
| 12:21 | Create | Villager (Male) |
| 12:23 | Create | Fishing Ship |
| 12:24 | Create | Fishing Ship |
| 12:51 | Build | House |
| 12:52 | Build | House |
| 13:18 | Create | Fishing Ship |
| 13:19 | Create | Fishing Ship |
| 13:33 | Research | Feudal Age |
| 13:55 | Build | Mining Camp |
| 14:48 | Build | Mining Camp |
| 15:05 | Create | Fishing Ship |
| 15:05 | Create | Fishing Ship |
| 15:12 | Create | Fishing Ship |
| 15:43 | Age | Feudal Age |
| 15:50 | Research | Wheelbarrow |
| 16:06 | Research | Double-Bit Axe |
| 16:07 | Research | Double-Bit Axe |
| 16:07 | Research | Double-Bit Axe |
| 16:21 | Create | Villager (Male) |
| 16:49 | Build | Market |
| 17:20 | Create | Villager (Male) |
| 17:37 | Build | Blacksmith |
| 17:42 | Create | Villager (Male) |
| 17:47 | Create | Demolition Raft |
| 18:01 | Build | House |
| 18:02 | Build | House |
| 18:04 | Build | House |
| 18:22 | Research | Castle Age |
| 18:49 | Build | Mining Camp |
| 18:59 | Research | Stone Mining |
| 19:28 | Create | Villager (Male) |
| 20:00 | Build | Dock |
| 20:24 | Create | Villager (Male) |
| 20:24 | Create | Villager (Male) |
| 20:57 | Create | Demolition Raft |
| 21:02 | Age | Castle Age |
| 21:09 | Build | Town Center |
| 21:20 | Build | University |
| 21:30 | Research | Bow Saw |
| 21:38 | Build | Monastery |
| 21:54 | Create | Villager (Male) |
| 22:32 | Create | Demolition Raft |
| 22:46 | Create | Villager (Male) |
| 22:48 | Create | Villager (Male) |
| 22:57 | Create | Demolition Raft |
| 22:59 | Create | Demolition Raft |
| 23:32 | Build | Dock |
| 24:13 | Research | Imperial Age |
| 24:14 | Research | Imperial Age |
| 24:26 | Research | War Galley (upgrade) |
| 24:54 | Create | Unit 2626 |
| 25:05 | Build | Outpost |
| 25:09 | Research | Gold Mining |
| 25:25 | Create | Villager (Male) |
| 25:25 | Create | Villager (Male) |
| 25:39 | Build | Outpost |
| 25:43 | Build | Mining Camp |
| 25:51 | Create | Demolition Raft |
| 25:52 | Create | Demolition Raft |
| 26:14 | Build | Barracks |
| 26:22 | Create | Villager (Male) |
| 26:22 | Create | Villager (Male) |
| 26:22 | Create | Villager (Male) |
| 27:05 | Build | Barracks |
| 27:07 | Research | Forging |
| 27:21 | Build | Farm |
| 27:23 | Build | Farm |
| 27:23 | Age | Imperial Age |
| 27:24 | Build | Farm |
| 27:49 | Build | Castle |
| 27:56 | Build | University |
| 28:01 | Research | Gold Shaft Mining |
| 28:06 | Create | Villager (Male) |
| 28:06 | Create | Villager (Male) |
| 28:43 | Create | Demolition Raft |
| 28:43 | Create | Demolition Raft |
| 28:53 | Build | Barracks |
| 28:57 | Research | Squires |
| 29:00 | Research | Arson |
| 29:21 | Create | Spearman |
| 29:21 | Create | Spearman |
| 29:22 | Create | Spearman |
| 29:27 | Build | Mining Camp |
| 29:44 | Research | Gambesons |
| 29:52 | Create | Spearman |
| 29:53 | Create | Spearman |
| 30:00 | Research | Ballistics |
| 30:15 | Build | Farm |
| 30:16 | Build | Farm |
| 30:18 | Build | Farm |
| 30:21 | Create | Villager (Male) |
Match timeline
| 0:27 | Shaggy · first_building Dock |
| 1:21 | IsamelChacon · first_building Dock |
| 1:31 | BellyButton · first_building Dock |
| 1:37 | BellyButton · wall_segment Palisade Wall x1 |
| 1:49 | jello · first_building Dock |
| 3:07 | Huge_Prostate · first_building Dock |
| 3:10 | zabreyski · first_building Dock |
| 6:17 | Huge_Prostate · wall_segment Palisade Wall x6 |
| 7:28 | NieA · first_building Dock |
| 8:32 | Huge_Prostate · wall_segment Palisade Wall x1 |
| 9:23 | IsamelChacon · wall_segment Palisade Wall x6 |
| 9:30 | zabreyski · wall_segment Palisade Wall x4 |
| 10:13 | Huge_Prostate · wall_segment Palisade Wall x6 |
| 10:53 | zabreyski · wall_segment Palisade Wall x4 |
| 11:17 | IsamelChacon · wall_segment Palisade Wall x1 |
| 11:18 | IsamelChacon · wall_segment Palisade Wall x1 |
| 11:19 | IsamelChacon · wall_segment Palisade Wall x1 |
| 11:20 | IsamelChacon · wall_segment Palisade Wall x2 |
| 11:23 | Huge_Prostate · wall_segment Palisade Wall x1 |
| 11:40 | RamiroZ117 · first_building Barracks |
| 12:32 | IsamelChacon · wall_segment Palisade Wall x1 |
| 12:33 | IsamelChacon · wall_segment Palisade Wall x1 |
| 12:34 | IsamelChacon · wall_segment Palisade Wall x1 |
| 12:35 | IsamelChacon · wall_segment Palisade Wall x1 |
| 13:06 | BellyButton · age_up feudal |
| 13:21 | IsamelChacon · wall_segment Palisade Wall x1 |
| 13:23 | IsamelChacon · wall_segment Palisade Wall x1 |
| 13:23 | IsamelChacon · wall_segment Palisade Wall x1 |
| 13:24 | IsamelChacon · wall_segment Palisade Wall x1 |
| 13:25 | IsamelChacon · wall_segment Palisade Wall x1 |
| 13:36 | jello · age_up feudal |
| 13:39 | Huge_Prostate · wall_segment Palisade Wall x6 |
| 13:45 | zabreyski · first_building Barracks |
| 14:47 | Huge_Prostate · wall_segment Palisade Wall x1 |
| 14:53 | Huge_Prostate · age_up feudal |
| 14:58 | BellyButton · first_market_buy 100 food |
| 15:10 | IsamelChacon · wall_segment Palisade Wall x3 |
| 15:12 | IsamelChacon · wall_segment Palisade Wall x5 |
| 15:18 | BellyButton · first_market_sell 100 wood |
| 15:33 | zabreyski · age_up feudal |
| 15:40 | zabreyski · wall_segment Palisade Wall x11 |
| 15:43 | NieA · age_up feudal |
| 15:56 | zabreyski · first_building Stable |
| 16:24 | Shaggy · age_up feudal |
| 16:51 | jello · first_building Barracks |
| 16:57 | BellyButton · first_building Barracks |
| 17:59 | BellyButton · age_up castle |
| 18:10 | Huge_Prostate · wall_segment Palisade Wall x16 |
| 18:19 | NieA · first_market_sell 100 food |
| 19:12 | Shaggy · first_market_buy 100 wood |
| 19:26 | jello · first_building Stable |
| 19:27 | RamiroZ117 · first_building Stable |
| 19:55 | Huge_Prostate · wall_segment Palisade Wall x1 |
| 19:56 | Shaggy · age_up castle |
| 21:02 | NieA · age_up castle |
| 21:20 | zabreyski · first_building Archery Range |
| 21:38 | NieA · first_building Monastery |
| 21:56 | zabreyski · age_up castle |
| 22:08 | jello · age_up castle |
| 22:10 | Huge_Prostate · first_building Barracks |
| 22:46 | IsamelChacon · first_market_sell 500 food |
| 22:53 | IsamelChacon · first_market_buy 100 food |
| 23:35 | jello · first_building Siege Workshop |
| 24:08 | Shaggy · first_building Barracks |
| 24:13 | BellyButton · first_building Monastery |
| 24:35 | Huge_Prostate · first_building Stable |
| 24:47 | RamiroZ117 · wall_segment Palisade Wall x6 |
| 25:01 | Shaggy · first_building Castle |
| 25:15 | Shaggy · first_building Stable |
| 25:45 | BellyButton · resign |
| 26:09 | IsamelChacon · first_building Castle |
| 26:14 | NieA · first_building Barracks |
| 26:44 | IsamelChacon · first_building Monastery |
| 27:23 | NieA · age_up imperial |
| 27:49 | NieA · first_building Castle |
| 28:34 | Huge_Prostate · first_market_sell 100 stone |
| 28:35 | Huge_Prostate · first_market_buy 100 food |
| 29:27 | IsamelChacon · first_building Siege Workshop |
| 30:48 | jello · first_building Castle |
| 31:16 | NieA · first_market_buy 100 stone |
| 32:07 | RamiroZ117 · first_building Castle |
| 32:43 | zabreyski · first_building Siege Workshop |
| 32:46 | Huge_Prostate · age_up castle |
| 33:23 | Huge_Prostate · first_building Castle |
| 33:30 | Huge_Prostate · wall_segment Palisade Wall x2 |
| 33:35 | Huge_Prostate · wall_segment Palisade Wall x3 |
| 33:39 | zabreyski · first_building Castle |
| 33:56 | Huge_Prostate · wall_segment Palisade Wall x1 |
| 34:16 | Huge_Prostate · wall_segment Palisade Wall x2 |
| 34:51 | Huge_Prostate · wall_segment Palisade Wall x1 |
| 36:41 | jello · age_up imperial |
[ AI ANALYSIS · 1 CREDIT ]
What really happened in this match?
Wolo.gg analyzes every decision: build order, eco, micro, common mistakes by bracket. Personalized analysis on WhatsApp or Discord in 30 seconds.
Civ guide
Persians
Map guide
Nomad
Perfil
jello